TOP OF THE 1ST |
St Charles Sheens batting - Pitching for Hendersonville Hitmen : RHP Troy Parker
|
Pitching: RHP Troy Parker
|
|
Batting: RHB Víctor Arredondo
|
0-0: Ball 1-0: DOUBLE (Flyball, 8LXD)
|
Batting: LHB Randy Wiggins
|
0-0: Foul Ball, location: 2F 0-1: Foul Ball, location: 2F 0-2: Ball 1-2: Hit by Pitch
|
Batting: RHB Shawn Gutiérrez
|
0-0: Called Strike 0-1: Foul Ball, location: 2F 0-2: Ball 1-2: Ball 2-2: Foul Ball, location: 2F 2-2: Foul Ball, location: 2F 2-2: Fly out, F7 (Flyball, 7D)
|
Batting: RHB Ramón Molina
|
0-0: Foul Ball, location: 2F 0-1: SINGLE (Groundball, 34D) Víctor Arredondo to third Randy Wiggins to second Runner from 3rd tries for Home, throw and OUT!
|
Batting: RHB Sergio Pujols
|
0-0: Ball 1-0: Foul Ball, location: 2F 1-1: Fielders Choice at 2nd, 5-4 (Groundball, 56)
|
Top of the 1st over - 0 runs, 2 hits, 0 errors, 2 left on base; St Charles 0 - Hendersonville 0 |
BOTTOM OF THE 1ST |
Hendersonville Hitmen batting - Pitching for St Charles Sheens : LHP Paul Adams
|
Pitching: LHP Paul Adams
|
|
Batting: SHB Félix Montoya
|
0-0: Ball 1-0: Ground out 6-3 (Groundball, 6)
|
Batting: SHB José Estreito
|
0-0: Called Strike 0-1: Ball 1-1: Swinging Strike 1-2: Fly out, F7 (Line Drive, 7D)
|
Batting: RHB Felipe Jareño
|
0-0: Foul Ball, location: 2F 0-1: Called Strike 0-2: Fly out, F7 (Flyball, 78S)
|
Bottom of the 1st over - 0 runs, 0 hits, 0 errors, 0 left on base; St Charles 0 - Hendersonville 0 |
TOP OF THE 2ND |
St Charles Sheens batting - Pitching for Hendersonville Hitmen : RHP Troy Parker
|
Batting: RHB Jesús Hernández
|
0-0: Called Strike 0-1: Ground out 5-3 (Groundball, 56)
|
Batting: RHB Lúcio Alfaro
|
0-0: Foul Ball, location: 2F 0-1: Foul Ball, location: 2F 0-2: Reached on error, E5 (Groundball, 5)
|
Batting: RHB José Ortega
|
0-0: Ball 1-0: Swinging Strike 1-1: Fly out, F7 (Flyball, 7D)
|
Batting: RHB Rob Brady
|
0-0: Ball 1-0: Ball 2-0: Swinging Strike 2-1: Foul Ball, location: 2F 2-2: Ball 3-2: Ground out 4-3 (Groundball, 4)
|
Top of the 2nd over - 0 runs, 0 hits, 1 error, 1 left on base; St Charles 0 - Hendersonville 0 |
BOTTOM OF THE 2ND |
Hendersonville Hitmen batting - Pitching for St Charles Sheens : LHP Paul Adams
|
Batting: LHB José Berroa
|
0-0: Ball 1-0: Ground out U3 (Groundball, 3)
|
Batting: SHB Rick Turner
|
0-0: Called Strike 0-1: Ball 1-1: Ball 2-1: Ground out 4-3 (Groundball, 4S)
|
Batting: LHB Pedro Rodríguez
|
0-0: Called Strike 0-1: Ball 1-1: Ball 2-1: Fly out, F3 (Popup, 3SF)
|
Bottom of the 2nd over - 0 runs, 0 hits, 0 errors, 0 left on base; St Charles 0 - Hendersonville 0 |
TOP OF THE 3RD |
St Charles Sheens batting - Pitching for Hendersonville Hitmen : RHP Troy Parker
|
Batting: RHB Víctor Arredondo
|
0-0: Ball 1-0: Called Strike 1-1: SINGLE (Line Drive, 78S)
|
Batting: LHB Randy Wiggins
|
0-0: Ball 1-0: Called Strike 1-1: Ball 2-1: Called Strike 2-2: Ground out U3 (Groundball, 34S) Víctor Arredondo to second
|
Batting: RHB Shawn Gutiérrez
|
0-0: Ball Víctor Arredondo steals 3rd base 1-0: Fly out, F8 (Flyball, 8RS) Runner from 3rd tags up, SCORES, no throw
|
Now in CF: Pedro Gonzáles
|
|
Batting: RHB Ramón Molina
|
0-0: Ball 1-0: Ball 2-0: Foul Ball, location: 2F 2-1: Foul Ball, location: 2F 2-2: Ball 3-2: SINGLE (Groundball, 56D)
|
Batting: RHB Sergio Pujols
|
0-0: Ball 1-0: Fly out, F9 (Line Drive, 9S)
|
Top of the 3rd over - 1 run, 2 hits, 0 errors, 1 left on base; St Charles 1 - Hendersonville 0 |
BOTTOM OF THE 3RD |
Hendersonville Hitmen batting - Pitching for St Charles Sheens : LHP Paul Adams
|
Batting: LHB Pedro Gonzáles
|
0-0: Called Strike 0-1: Foul Ball, location: 2F 0-2: Ground out 5-3 (Groundball, 5L)
|
Batting: LHB Tommy Payne
|
0-0: Foul Ball, location: 2F 0-1: Called Strike 0-2: Ball 1-2: Fly out, F7 (Flyball, 7)
|
Batting: LHB Miguel García
|
0-0: Called Strike 0-1: Called Strike 0-2: Ball 1-2: Foul Ball, location: 2F 1-2: Strikes out swinging
|
Bottom of the 3rd over - 0 runs, 0 hits, 0 errors, 0 left on base; St Charles 1 - Hendersonville 0 |
TOP OF THE 4TH |
St Charles Sheens batting - Pitching for Hendersonville Hitmen : RHP Troy Parker
|
Batting: RHB Jesús Hernández
|
0-0: Foul Ball, location: 2F 0-1: Ball 1-1: Fly out, F7 (Flyball, 7)
|
Batting: RHB Lúcio Alfaro
|
0-0: Swinging Strike 0-1: Ball 1-1: Foul Ball, location: 2F 1-2: Strikes out swinging
|
Batting: RHB José Ortega
|
0-0: Ball 1-0: Foul Ball, location: 2F 1-1: Foul Ball, location: 2F 1-2: Ball 2-2: Foul Ball, location: 2F 2-2: Strikes out swinging
|
Top of the 4th over - 0 runs, 0 hits, 0 errors, 0 left on base; St Charles 1 - Hendersonville 0 |
BOTTOM OF THE 4TH |
Hendersonville Hitmen batting - Pitching for St Charles Sheens : LHP Paul Adams
|
Batting: SHB Félix Montoya
|
0-0: Called Strike 0-1: SINGLE (Groundball, 4MD)
|
Batting: SHB José Estreito
|
0-0: Foul Ball, location: 2F 0-1: Called Strike Félix Montoya steals 2nd base 0-2: Strikes out looking
|
Batting: RHB Felipe Jareño
|
0-0: Called Strike 0-1: Ball 1-1: Swinging Strike 1-2: Fly out, F9 (Flyball, 9S)
|
Batting: LHB José Berroa
|
0-0: Swinging Strike 0-1: Ball 1-1: Foul Ball, location: 2F 1-2: Foul Ball, location: 2F 1-2: Foul Ball, location: 2F 1-2: Foul Ball, location: 2F 1-2: Fly out, F9 (Flyball, 9D)
|
Bottom of the 4th over - 0 runs, 1 hit, 0 errors, 1 left on base; St Charles 1 - Hendersonville 0 |
TOP OF THE 5TH |
St Charles Sheens batting - Pitching for Hendersonville Hitmen : RHP Troy Parker
|
Batting: RHB Rob Brady
|
0-0: Called Strike 0-1: Ball 1-1: Ball 2-1: Ball 3-1: Fly out, F4 (Popup, 34D)
|
Batting: RHB Víctor Arredondo
|
0-0: Ground out 6-3 (Groundball, 56)
|
Batting: LHB Randy Wiggins
|
0-0: Ball 1-0: Ball 2-0: DOUBLE (Line Drive, 89D)
|
Batting: RHB Shawn Gutiérrez
|
0-0: Fly out, F7 (Line Drive, 78D)
|
Top of the 5th over - 0 runs, 1 hit, 0 errors, 1 left on base; St Charles 1 - Hendersonville 0 |
BOTTOM OF THE 5TH |
Hendersonville Hitmen batting - Pitching for St Charles Sheens : LHP Paul Adams
|
Batting: SHB Rick Turner
|
0-0: Ball 1-0: Ball 2-0: Called Strike 2-1: Ball 3-1: Base on Balls
|
Batting: LHB Pedro Rodríguez
|
0-0: Called Strike 0-1: Grounds into double play, 4-6-3 (Groundball, 4)
|
Batting: LHB Pedro Gonzáles
|
0-0: Ball 1-0: Swinging Strike 1-1: SINGLE (Line Drive, 8LS)
|
Batting: LHB Tommy Payne
|
0-0: Called Strike Pedro Gonzáles is caught stealing 2nd base
|
Bottom of the 5th over - 0 runs, 1 hit, 0 errors, 0 left on base; St Charles 1 - Hendersonville 0 |
TOP OF THE 6TH |
St Charles Sheens batting - Pitching for Hendersonville Hitmen : RHP Troy Parker
|
Batting: RHB Ramón Molina
|
0-0: Foul Ball, location: 2F 0-1: Ball 1-1: Foul Ball, location: 2F 1-2: Ball 2-2: Fly out, F8 (Line Drive, 89D)
|
Batting: RHB Sergio Pujols
|
0-0: Foul Ball, location: 2F 0-1: Ball 1-1: Fly out, F7 (Line Drive, 7)
|
Batting: RHB Jesús Hernández
|
0-0: Ball 1-0: Ball 2-0: Fly out, F5 (Line Drive, 6)
|
Top of the 6th over - 0 runs, 0 hits, 0 errors, 0 left on base; St Charles 1 - Hendersonville 0 |
BOTTOM OF THE 6TH |
Hendersonville Hitmen batting - Pitching for St Charles Sheens : LHP Paul Adams
|
Batting: LHB Tommy Payne
|
0-0: SINGLE (Line Drive, 9LM)
|
Batting: LHB Miguel García
|
0-0: Called Strike Tommy Payne steals 2nd base 0-1: SINGLE (Line Drive, 89M) Tommy Payne to third Runner from 3rd tries for Home, SAFE, no throw
|
Batting: SHB Félix Montoya
|
0-0: Called Strike 0-1: Ball 1-1: Called Strike 1-2: Fly out, F5 (Popup, 56S)
|
Batting: SHB José Estreito
|
0-0: Called Strike 0-1: Swinging Strike 0-2: Strikes out swinging
|
Batting: RHB Felipe Jareño
|
0-0: Ball 1-0: Reached on error, E5 (Groundball, 5) Miguel García to second
|
Batting: LHB José Berroa
|
0-0: Ball 1-0: Ball 2-0: SINGLE (Line Drive, 8LS) Miguel García to third Felipe Jareño to second Runner from 3rd tries for Home, SAFE, no throw
|
Batting: SHB Rick Turner
|
0-0: Ball 1-0: Called Strike 1-1: Called Strike 1-2: Fielders Choice at 2nd, 6-4 (Groundball, 6)
|
Bottom of the 6th over - 2 runs, 3 hits, 1 error, 2 left on base; St Charles 1 - Hendersonville 2 |
TOP OF THE 7TH |
St Charles Sheens batting - Pitching for Hendersonville Hitmen : RHP Troy Parker
|
Batting: RHB Lúcio Alfaro
|
0-0: Swinging Strike 0-1: Ball 1-1: Ball 2-1: Called Strike 2-2: Foul Ball, location: 2F 2-2: Strikes out looking
|
Batting: RHB José Ortega
|
0-0: Called Strike 0-1: Called Strike 0-2: Ball 1-2: Ball 2-2: Strikes out swinging
|
Batting: RHB Rob Brady
|
0-0: Ball 1-0: Ball 2-0: Foul Ball, location: 2F 2-1: Foul Ball, location: 2F 2-2: Ball 3-2: Strikes out swinging, 2-3 out at first.
|
Top of the 7th over - 0 runs, 0 hits, 0 errors, 0 left on base; St Charles 1 - Hendersonville 2 |
BOTTOM OF THE 7TH |
Hendersonville Hitmen batting - Pitching for St Charles Sheens : LHP Paul Adams
|
Batting: LHB Pedro Rodríguez
|
0-0: Hit by Pitch
|
Batting: LHB Pedro Gonzáles
|
0-0: Ball 1-0: Bunted foul 1-1: Sac Bunt - play at first, batter OUT! 1-4 Pedro Rodríguez to second
|
Pinch Hitting: RHB Carlos Flores
|
0-0: Intentional Walk
|
Pinch Hitting: LHB Robert Phillips
|
0-0: Grounds into double play, 6-4-3 (Groundball, 6)
|
Bottom of the 7th over - 0 runs, 0 hits, 0 errors, 1 left on base; St Charles 1 - Hendersonville 2 |
TOP OF THE 8TH |
St Charles Sheens batting - Pitching for Hendersonville Hitmen : RHP Troy Parker
|
Pitching: RHP Guy Hebert
|
|
Now at 2B: Boyd Pittman
|
|
Now in RF: Robert Phillips
|
|
Batting: RHB Víctor Arredondo
|
0-0: Called Strike 0-1: Ball 1-1: SINGLE (Flyball, 89M)
|
Batting: LHB Randy Wiggins
|
0-0: Ball 1-0: SINGLE (Groundball, 6MD) Víctor Arredondo to second Runner from 2nd tries for 3rd, SAFE, no throw
|
Batting: RHB Shawn Gutiérrez
|
0-0: Ball 1-0: Called Strike 1-1: Ball 2-1: Ball 3-1: Foul Ball, location: 2F 3-2: Foul Ball, location: 2F 3-2: Foul Ball, location: 2F 3-2: SINGLE (Groundball, 56D) Víctor Arredondo scores Randy Wiggins to second
|
Batting: RHB Ramón Molina
|
0-0: Ball 1-0: Called Strike 1-1: Called Strike 1-2: SINGLE (Groundball, 6MD) Randy Wiggins to third Shawn Gutiérrez to second Runner from 3rd tries for Home, SAFE, no throw
|
Pitching: RHP Tony Murillo
|
|
Batting: RHB Sergio Pujols
|
0-0: Ball 1-0: Ball 2-0: Ball 3-0: Called Strike 3-1: Grounds into double play, 4-6-3 (Groundball, 4) Shawn Gutiérrez to third
|
Batting: RHB Jesús Hernández
|
0-0: Swinging Strike 0-1: Ground out 4-3 (Groundball, 4)
|
Top of the 8th over - 2 runs, 4 hits, 0 errors, 1 left on base; St Charles 3 - Hendersonville 2 |
BOTTOM OF THE 8TH |
Hendersonville Hitmen batting - Pitching for St Charles Sheens : LHP Paul Adams
|
Batting: SHB Félix Montoya
|
0-0: Foul Ball, location: 2F 0-1: SINGLE (Groundball, 5D)
|
Batting: SHB José Estreito
|
0-0: Called Strike 0-1: Bunt missed! 0-2: Ball Félix Montoya steals 2nd base 1-2: Fly out, F3 (Line Drive, 3)
|
Batting: RHB Felipe Jareño
|
0-0: Ball 1-0: Called Strike 1-1: Ground out 4-3 (Groundball, 4) Félix Montoya to third
|
Batting: LHB José Berroa
|
0-0: Called Strike 0-1: Ball 1-1: Ball 2-1: Foul Ball, location: 2F 2-2: Strikes out swinging
|
Bottom of the 8th over - 0 runs, 1 hit, 0 errors, 1 left on base; St Charles 3 - Hendersonville 2 |
TOP OF THE 9TH |
St Charles Sheens batting - Pitching for Hendersonville Hitmen : RHP Tony Murillo
|
Pitching: RHP Jason Mason
|
|
Batting: RHB Lúcio Alfaro
|
0-0: Ball 1-0: Called Strike 1-1: Called Strike 1-2: Fly out, F9 (Flyball, 89M)
|
Batting: RHB José Ortega
|
0-0: Ball 1-0: Foul Ball, location: 2F 1-1: Hit by Pitch
|
Batting: RHB Rob Brady
|
0-0: Ball 1-0: Ball 2-0: Called Strike 2-1: Swinging Strike 2-2: Ball 3-2: Foul Ball, location: 2F 3-2: DOUBLE (Line Drive, 7LD) José Ortega to third
|
Batting: RHB Víctor Arredondo
|
0-0: Foul Ball, location: 2F 0-1: Swinging Strike 0-2: Strikes out swinging
|
Batting: LHB Randy Wiggins
|
0-0: Fly out, F8 (Line Drive, 8RM)
|
Top of the 9th over - 0 runs, 1 hit, 0 errors, 2 left on base; St Charles 3 - Hendersonville 2 |
BOTTOM OF THE 9TH |
Hendersonville Hitmen batting - Pitching for St Charles Sheens : LHP Paul Adams
|
Pitching: RHP Jesse Jones
|
|
Batting: SHB Rick Turner
|
0-0: Ball 1-0: Ground out 6-3 (Groundball, 56D)
|
Batting: LHB Pedro Rodríguez
|
0-0: Swinging Strike 0-1: Called Strike 0-2: Ball 1-2: Strikes out swinging
|
Batting: LHB Pedro Gonzáles
|
0-0: Ball 1-0: Foul Ball, location: 2F 1-1: Called Strike 1-2: SINGLE (Line Drive, 9S)
|
Batting: RHB Boyd Pittman
|
0-0: Called Strike 0-1: Ground out 5-3 (Groundball, 56S)
|
Bottom of the 9th over - 0 runs, 1 hit, 0 errors, 1 left on base; St Charles 3 - Hendersonville 2 |
|